 Dungeon Sprint DCSS version 0.30-a0-4-ga7cffc901d (webtiles) character file.

Game seed: 13544726814718758144

1226 mhtbhm the Unseen (level 8, -18/42 HPs)
             Began as a Spriggan Brigand on Aug 21, 2022.
             Was a Believer of Dithmenos.
             Demolished by a spatial vortex (19 damage)
             ... in the Dungeon (Sprint III: "The Ten Rune Challenge").
             The game lasted 00:01:32 (652 turns).

mhtbhm the Unseen (Spriggan Brigand)                 Turns: 652, Time: 00:01:33

Health: -18/42     AC:  3    Str:  7    XL:     8   Next: 23%
Magic:  13/13      EV: 19    Int: 10    God:    Dithmenos [**....]
Gold:   48         SH:  0    Dex: 19    Spells: 7/7 levels left

rFire   . . .      SeeInvis +    a - +2 dagger
rCold   . . .      Faith    .    (no shield)
rNeg    . . .      Spirit   .    b - +0 robe
rPois   .          Reflect  .    (helmet restricted)
rElec   .          Harm     .    c - +0 cloak
rCorr   .          Rampage  .    (gloves unavailable)
Will    +....      Clarity  +    (boots unavailable)
Stlth   ++++++++++ NoTele   +    (no amulet)
HPRegen 0.14/turn                (no ring)
MPRegen 0.13/turn                (no ring)

@: wreathed by umbra, very quick
A: very small, no large weapons, unfitting armour, see invisible, speed 3,
clarity, dopey 1
a: Renounce Religion, Shadow Step


You were in the Dungeon.
You worshipped Dithmenos.
Dithmenos was pleased with you.
You visited 1 branch You collected 48 gold pieces.

Inventory:

Hand Weapons
 a - a +2 dagger (weapon)
Missiles
 d - 8 poisoned darts
 e - 3 curare-tipped darts (quivered)
Armour
 b - a +0 robe (worn)
 c - a +0 cloak (worn)
Scrolls
 k - a scroll of blinking
 m - 3 scrolls of torment {unknown}
 n - 2 scrolls of identify {unknown}
Potions
 f - 3 potions of curing
 g - a potion of heal wounds
 h - a potion of haste
 i - 2 potions of magic
 j - a potion of berserk rage
 l - a potion of might
 o - a potion of invisibility {unknown}
 p - a potion of flight {unknown}
 q - a potion of ambrosia {unknown}
 r - a potion of degeneration {unknown}
Miscellaneous
 s - a piece from Xom's chessboard (15/15)


   Skills:
 + Level 4.5 Fighting
 + Level 7.1 Short Blades
 + Level 6.7 Throwing
 + Level 3.8 Dodging
 + Level 20.7 Stealth
 * Level 5.9 Invocations


You had 7 spell levels left.
You didn't know any spells.
Your spell library contained the following spells:

 Spells                   Type           Power      Damage    Failure   Level
 Ensorcelled Hibernation  Hex/Ice        0%         N/A       50%         2
 Passwall                 Tmut/Erth      0%         N/A       50%         2
 Swiftness                Air            0%         N/A       75%         3


Dungeon Overview and Level Annotations

Branches:
Dungeon (1/1)

Altars:
Cheibriados
Dithmenos
Elyvilon
Fedhas
Gozag
Hepliaklqana
Kikubaaqudgha
Makhleb
Nemelex Xobeh
Okawaru
Qazlal
Ru
Sif Muna
Trog
Uskayaw
Vehumet
Wu Jian
Xom
Yredelemnul
Zin
The Shining One
Jiyva
Lugonu


Innate Abilities, Weirdness & Mutations

You are very small and have problems with some larger weapons.
You are too small for most types of armour.
You have supernaturally acute eyesight. (SInv)
You cover ground extremely quickly. (Speed+++)
You possess an exceptional clarity of mind.
You are dopey. (Int -2)


Message History

There is an opulent altar of Gozag here.
You hit the spatial vortex.
The spatial vortex is lightly damaged.
You hit the spatial vortex.
The spatial vortex is lightly damaged.
You hit the spatial vortex.
The spatial vortex is moderately damaged.
The spatial vortex barely misses you.
You hit the spatial vortex.
The spatial vortex is moderately damaged.
You hit the spatial vortex.
The spatial vortex is moderately damaged.
The spatial vortex barely misses you.
You hit the spatial vortex.
The spatial vortex is moderately damaged.
The spatial vortex hits you! Space warps horribly around you!
You are too injured to fight recklessly!
You are too injured to fight recklessly!
You are too injured to fight recklessly!
You are too injured to fight recklessly!
You are too injured to fight recklessly!
You are too injured to fight recklessly!
You are too injured to fight recklessly!
You are too injured to fight recklessly!
You are too injured to fight recklessly!
You are too injured to fight recklessly!
You are too injured to fight recklessly!
You are too injured to fight recklessly!
You are too injured to fight recklessly!
You are too injured to fight recklessly!
You are too injured to fight recklessly!
You are too injured to fight recklessly!
You are too injured to fight recklessly!
There is a sparkling altar of Nemelex Xobeh here.
You see here a piece from Xom's chessboard (15/15).
s - a piece from Xom's chessboard (15/15)
The spatial vortex hits you!
* * * LOW HITPOINT WARNING * * *
Space warps horribly around you!!
You die...

...♣♣♣ ♣.############
.....♣♣ ♣♣.#___#___#__#
......♣ ..#)..#__)#._#
....~.♣♣♣♣.###'#'###)##
...~~♣.♣♣..#.........÷#
..~~~~.♣...'.⌠........#
..~≈≈~~~...#...######'#
.~~≈~~~....#.⌠.#v_#...#
.~≈~~~.....#...#@_#...#
.~~~.......#'###__#...#
...........#.))#__#...+
...†.......#___#__'...#
▓▓▓▓▓▓▓▓▓▓▓▓▓▓▓▓▓▓▓▓▓▓▓


You could see a spatial vortex.

Vanquished Creatures
  A deep elf pyromancer (D)
  A shadow (D)
  A necrophage (D)
  A water elemental (D)
  A scorpion (D)
  A jelly (D)
  A wizard (D)
  Jessica (D)
  A necromancer (D)
  3 humans (D)
  A kobold demonologist (D)
  2 endoplasms (D)
  A rat (D)
16 creatures vanquished.

Notes
Turn   | Place    | Note
-------+----------+-------------------------------------------
     0 | D        | mhtbhm the Spriggan Brigand began the quest for the Orb.
     0 | D        | Reached XP level 1. HP: 10/10 MP: 2/2
     5 | D        | Reached skill level 6 in Stealth
     8 | D        | Reached skill level 7 in Stealth
    11 | D        | Noticed Jessica
    19 | D        | Killed Jessica
    20 | D        | Reached skill level 10 in Stealth
    20 | D        | Reached XP level 2. HP: 15/15 MP: 3/3
    20 | D        | Reached XP level 3. HP: 18/18 MP: 4/4
   223 | D        | Noticed a scorpion
   230 | D        | Killed a scorpion
   231 | D        | Reached skill level 12 in Stealth
   231 | D        | Reached XP level 4. HP: 23/23 MP: 5/5
   250 | D        | Gained mutation: You occasionally lose the ability to drink
                  | potions when taking damage. [potion of mutation]
   250 | D        | Gained mutation: You have a beak for a mouth. [potion of
                  | mutation]
   250 | D        | Gained mutation: Your natural rate of healing is unusually
                  | fast. [potion of mutation]
   251 | D        | Lost mutation: Your natural rate of healing is unusually
                  | fast. [potion of mutation]
   251 | D        | Lost mutation: You occasionally lose the ability to drink
                  | potions when taking damage. [potion of mutation]
   251 | D        | Lost mutation: You have a beak for a mouth. [potion of
                  | mutation]
   251 | D        | Gained mutation: You are dopey. (Int -2) [potion of
                  | mutation]
   251 | D        | Gained mutation: You possess an exceptional clarity of
                  | mind. [potion of mutation]
   266 | D        | Noticed a water elemental
   268 | D        | Killed a water elemental
   269 | D        | Reached skill level 14 in Stealth
   269 | D        | Reached XP level 5. HP: 28/28 MP: 6/6
   278 | D        | Found a shadowy altar of Dithmenos.
   299 | D        | Reached skill level 15 in Stealth
   300 | D        | Found a basalt altar of Yredelemnul.
   300 | D        | Found a sacrificial altar of Ru.
   306 | D        | Became a worshipper of Dithmenos the Shadowed
   476 | D        | Found a radiant altar of Vehumet.
   477 | D        | Found a shimmering blue altar of Sif Muna.
   477 | D        | Found an ancient bone altar of Kikubaaqudgha.
   479 | D        | Reached skill level 5 in Short Blades
   479 | D        | Reached skill level 5 in Throwing
   479 | D        | Reached skill level 16 in Stealth
   479 | D        | Reached skill level 1 in Invocations
   479 | D        | Reached XP level 6. HP: 32/32 MP: 7/7
   493 | D        | Found a glowing silver altar of Zin.
   494 | D        | Found a glowing golden altar of the Shining One.
   494 | D        | Found a white marble altar of Elyvilon.
   494 | D        | Noticed a deep elf pyromancer
   496 | D        | Killed a deep elf pyromancer
   496 | D        | Reached * piety under Dithmenos
   497 | D        | Reached skill level 19 in Stealth
   497 | D        | Reached XP level 7. HP: 37/37 MP: 8/11
   527 | D        | Found a hide-covered altar of Uskayaw.
   527 | D        | Found an iron altar of Okawaru.
   528 | D        | Found a bloodstained altar of Trog.
   528 | D        | Found an ornate altar of the Wu Jian Council.
   528 | D        | Noticed a human
   528 | D        | Noticed a human
   530 | D        | Killed a human
   531 | D        | Reached skill level 5 in Invocations
   531 | D        | Killed a human
   532 | D        | Reached skill level 20 in Stealth
   532 | D        | Reached XP level 8. HP: 42/42 MP: 11/13
   550 | D        | Reached ** piety under Dithmenos
   640 | D        | Found a blossoming altar of Fedhas.
   640 | D        | Found a stormy altar of Qazlal.
   641 | D        | Found a snail-covered altar of Cheibriados.
   641 | D        | Found a burning altar of Makhleb.
   641 | D        | Found a hazy altar of Hepliaklqana.
   641 | D        | Found a shimmering altar of Xom.
   641 | D        | Found an opulent altar of Gozag.
   641 | D        | Found a sparkling altar of Nemelex Xobeh.
   641 | D        | Found a corrupted altar of Lugonu.
   641 | D        | Found a viscous altar of Jiyva.
   652 | D        | HP: 1/42 [spatial vortex (15)]
   652 | D        | Demolished by a spatial vortex

Illustrated notes

Levels and vault maps discovered:
D:        dungeon_sprint_mu [sprint_mu_entry_forest, sprint_mu_temple_rooms,
          sprint_mu_d1_spiders, sprint_mu_d2_genie, sprint_mu_d3_branching,
          sprint_mu_orc_legion, sprint_mu_elf_gauntlet, sprint_mu_hive_nellie,
          sprint_mu_lair_fedhas, sprint_mu_vaults_butterflies,
          sprint_mu_slime_circle, sprint_mu_swamp_cave, sprint_mu_shoals_archi,
          sprint_mu_blade_basic, sprint_mu_crypt_chambers,
          sprint_mu_tomb_spiral, sprint_mu_vestibule_basic,
          sprint_mu_gehenna_hellfire, sprint_mu_dis_giant,
          sprint_mu_tartarus_statrot, sprint_mu_cocytus_islands, sprint_mu_zot1]

Skill      XL: |  1  2  3  4  5  6  7  8 |
---------------+-------------------------+-----
Stealth        | 10 12 14 16 19 20 | 20.7
Fighting       | 2 3 4 |  4.5
Short Blades   | 3 4 5 6 7 |  7.1
Throwing       | 3 4 5 6 |  6.7
Dodging        | 2 3 |  3.8
Invocations    | 1 4 5 |  5.9

Action                   |  1- 3 |  4- 6 |  7- 9 || total
-------------------------+-------+-------+-------++-------
Melee: Dagger            |    17 |    20 |    15 ||    52
       Punch             |       |       |     1 ||     1
Throw: Dart              |     8 |     1 |       ||     9
  Use: Potion            |       |     3 |       ||     3
 Stab: Sleeping          |     2 |     4 |     3 ||     9
Dodge: Dodged            |     8 |     7 |     5 ||    20

Table legend: (Time is in decaauts)
 A = Elapsed time spent in this place.
 B = Non-inter-level travel time spent in this place.
 C = Inter-level travel time spent in this place.
 D = Time resting spent in this place.
 E = Time spent auto-exploring this place.
 F = Levels seen in this place.
 G = Mean time per level.
                   A        B        C        D        E       F      G
               +--------+--------+--------+--------+--------+-----+--------+
         Total |    578 |    578 |      0 |    384 |      0 |   1 |  578.0 |
       Dungeon |    578 |    578 |      0 |    384 |      0 |   1 |  578.0 |
               +--------+--------+--------+--------+--------+-----+--------+

Top non-repeatable levels by time:
       D: 578 daAuts
